 Dungeon Crawl Stone Soup version 0.26.1-11-gd32895ea62 (webtiles) character file.

Game seed: 13427338363714312616

201 H0rd4k the Charlatan (level 6, -5/44 HPs)
             Began as a Human Artificer on Apr 27, 2021.
             Slain by Sigmund
             ... wielding a +0 scythe
              (11 damage)
             ... on level 4 of the Dungeon.
             The game lasted 00:04:56 (4363 turns).

H0rd4k the Charlatan (Human Artificer)              Turns: 4363, Time: 00:04:57

Health: -5/44      AC:  4    Str: 14    XL:     6   Next: 7%
Magic:  6/6        EV: 12    Int: 12    God:
Gold:   185        SH:  0    Dex: 13    Spells: 5/5 levels left

rFire    . . .     SeeInvis .   p - +1 short sword (venom)
rCold    . . .     Faith    .   (no shield)
rNeg     . . .     Spirit   .   b - +0 leather armour
rPois    .         Reflect  .   l - +0 helmet
rElec    .         Harm     .   (no cloak)
rCorr    .         Rampage  .   (no gloves)
Will     .....                  (no boots)
Stlth    ++........             s - amulet of magic regeneration
HPRegen  0.14/turn              (no ring)
MPRegen  0.35/turn              (no ring)

@: no status effects
A: no striking features
a: no special abilities


You were on level 4 of the Dungeon.
You visited 1 branch of the dungeon, and saw 4 of its levels.

You collected 185 gold pieces.

Inventory:

Hand Weapons
 p - a +1 short sword of venom (weapon)
 q - a +0 short sword of flaming
Armour
 b - a +0 leather armour (worn)
 l - a +0 helmet (worn)
Jewellery
 s - an amulet of magic regeneration (around neck)
Wands
 c - a wand of flame (13) (quivered)
 d - a wand of enslavement (13)
 e - a wand of random effects (15)
Scrolls
 a - 2 scrolls of amnesia {unknown}
 f - 4 scrolls of teleportation {unknown}
 g - a scroll of fear {unknown}
 m - a scroll of immolation {unknown}
 r - a scroll of blinking {unknown}
 u - a scroll of remove curse
 w - a scroll of enchant armour {unknown}
Potions
 h - 2 potions of magic
 i - a potion of brilliance {unknown}
 j - 4 potions of curing
 k - 2 potions of resistance {unknown}
 n - 2 potions of lignification {unknown}
 o - 3 potions of haste {unknown}
 t - 2 potions of cancellation {unknown}
 v - 3 potions of might {unknown}
 x - a potion of flight {unknown}


   Skills:
 + Level 2.0 Fighting
 + Level 2.6 Short Blades
 + Level 2.9 Armour
 + Level 2.4 Dodging
 + Level 1.6 Stealth
 + Level 3.7 Evocations


You had 5 spell levels left.
You didn't know any spells.
Your spell library was empty.

Dungeon Overview and Level Annotations

Branches:
Dungeon (4/15)
 Temple: D:4-7

Altars:
Ashenzari
Dithmenos
Makhleb
Nemelex Xobeh
Uskayaw
Zin

Annotations:
D:4 Sigmund


Message History

Sigmund misses you.
You bump into the rock wall.
You feel less confused. Sigmund barely misses you.
You closely miss Sigmund.
Sigmund is severely wounded.
Sigmund closely misses you.
You barely miss Sigmund.
Sigmund is severely wounded.
You closely miss Sigmund.
Sigmund is severely wounded.
Sigmund says, "You will soon forget everything."
Sigmund casts a spell at himself.
Sigmund flickers and vanishes!
Deactivating autopickup; reactivate with Ctrl-A.
You miss something. Something hits you!
* * * LOW HITPOINT WARNING * * *
You closely miss something. Something hits you!
You die...

#.######## #...#_)...@.....
#................#......#....
#.#########$##............# #.#
##.##..........#..h. #.#
#..##.##.8.8.8.# .#) #.#
####..##.##.......# # #.#
#.................# #.#
#.##..##.#####..###
#.#####.##..@.{......†#
#..............######.#
#..####.##.##### #)#
##.#...<.....# #.#
##.###>##.##..# #.# #.##
##...##..# #.#
####.###.#####..# #.###
......#.....##..#########...###
.#>##..##.#.##.................


There were no monsters in sight!

Vanquished Creatures
  A scorpion (D:3)
  A hound (D:4)
  4 adders
  A worm (D:2)
  4 leopard geckos
  8 orcs
  13 bats
  4 giant cockroaches
  3 hobgoblins
  8 jackals (D:2)
  A quokka (D:3)
  4 frilled lizards
  4 goblins
  7 kobolds
  4 rats
67 creatures vanquished.

Vanquished Creatures (others)
  2 plants (D:2)
2 creatures vanquished.

Grand Total: 69 creatures vanquished

Notes
Turn   | Place    | Note
-------+----------+-------------------------------------------
     0 | D:1      | H0rd4k the Human Artificer began the quest for the Orb.
     0 | D:1      | Reached XP level 1. HP: 15/15 MP: 1/1
   247 | D:1      | Reached XP level 2. HP: 16/21 MP: 2/2
  1203 | D:2      | Reached XP level 3. HP: 26/26 MP: 3/3
  1722 | D:2      | Reached skill level 1 in Short Blades
  1964 | D:2      | Reached XP level 4. HP: 32/32 MP: 4/4
  2551 | D:2      | Found a burning altar of Makhleb.
  2557 | D:2      | Found a glowing silver altar of Zin.
  2557 | D:2      | Noticed an angel
  2558 | D:2      | Noticed a balrug
  3661 | D:3      | Reached XP level 5. HP: 31/38 MP: 5/5
  3944 | D:3      | Found a sparkling altar of Nemelex Xobeh.
  3944 | D:3      | Found a shadowy altar of Dithmenos.
  4237 | D:4      | Found a broken altar of Ashenzari.
  4297 | D:4      | Found a hide-covered altar of Uskayaw.
  4302 | D:4      | Noticed Sigmund
  4319 | D:4      | Reached XP level 6. HP: 32/44 MP: 6/6
  4363 | D:4      | Slain by Sigmund

Illustrated notes

Levels and vault maps discovered:
D:1:      dpeg_arrival_more_subterranean_lakeside_camping, layout_basic,
          minmay_misc_feat_nine_boxes
D:2:      cheibrodos_old_hovel, layout_loops_ring,
          grunt_temple_overflow_order_and_chaos_2, eino_curves_01
D:3:      layout_rooms, gammafunk_temple_overflow_elements,
          chequers_decorated_corner
D:4:      layout_loops_ring, eat_drink_and_be_merry_uskayaw,
          nicolae_overflow_crystal_walls, lemuel_doored_altar,
          minmay_temple_entry_antechambers, ebering_ghost_rock_garden,
          uniq_sigmund

Skill      XL: |  1  2  3  4  5 |
---------------+----------------+-----
Short Blades   | 1 2 |  2.6
Dodging        | 2 |  2.4
Fighting       | 2 |  2.0
Armour         | |  2.9
Stealth        | |  1.6
Evocations     | |  3.7

Action                   |  1- 3 |  4- 6 || total
-------------------------+-------+-------++-------
Melee: Dagger            |    88 |       ||    88
       Club              |     5 |       ||     5
       Short sword       |    57 |   108 ||   165
Evoke: Wand              |     2 |     2 ||     4
  Use: Scroll            |       |     4 ||     4
 Stab: Sleeping          |     3 |     2 ||     5
Armor: Leather armour    |    68 |    35 ||   103
Dodge: Dodged            |   135 |    69 ||   204
